 Dungeon Crawl Stone Soup version 0.30.0-5-g1a98f26d00 (webtiles) character file.

Game seed: 14529017672480974916

1054 Eitelfritz the Cleaver (level 8, -1/70 HPs)
             Began as a Hill Orc Fighter on May 9, 2023.
             Slain by an ice beast (7 damage)
             ... on level 5 of the Dungeon.
             The game lasted 00:06:32 (3157 turns).

Eitelfritz the Cleaver (Hill Orc Fighter)           Turns: 3157, Time: 00:06:33

Health: -1/70      AC: 13    Str: 21    XL:     8   Next: 26%
Magic:  8/8        EV: 10    Int:  8    God:
Gold:   236        SH:  5    Dex: 16    Spells: 7/7 levels left

rFire   . . .        a - +1 broad axe (heavy)
rCold   . . .        c - +0 buckler
rNeg    . . .        u - +0 scale mail
rPois   .            g - +0 helmet
rElec   .            o - +0 cloak
rCorr   .            (no gloves)
SInv    .            (no boots)
Will    .....        (no amulet) Stlth
                     k - +4 ring of protection
HPRegen 0.31/turn    n - +6 ring of dexterity
MPRegen 0.11/turn

%: no passive effects
@: no status effects
A: no striking features
a: no special abilities


You were on level 5 of the Dungeon.
You visited 1 branch of the dungeon, and saw 5 of its levels.

You collected 236 gold pieces.

Inventory:

Hand Weapons
 a - a +1 heavy broad axe (weapon)
 b - a +0 sling
 e - a +1 war axe
 p - the +0 hammer of the Chickpea {freeze, rElec Will++ Int-3 Stlth+}
   (You found it on level 2 of the Dungeon)

   Int:       It affects your intelligence (-3).
   rElec:     It insulates you from electricity.
   Will:      It greatly increases your willpower.
   Stlth:     It makes you more stealthy.
Missiles
 j - 4 javelins (quivered)
Armour
 c - a +0 buckler (worn)
 g - a +0 helmet (worn)
 o - a +0 cloak (worn)
 u - a +0 scale mail (worn)
Jewellery
 k - a +4 ring of protection (left hand)
 n - a +6 ring of dexterity (right hand)
Wands
 q - a wand of paralysis (9)
 z - a wand of flame (18)
Scrolls
 h - a scroll of identify
Potions
 d - a potion of haste
 f - a potion of cancellation
 l - a potion of mutation {unknown}
 m - 2 potions of curing
 r - a potion of brilliance {unknown}
 t - a potion of heal wounds {unknown}
 v - a potion of invisibility {unknown}
 w - a potion of attraction {unknown}
 x - a potion of flight {unknown}
 A - a potion of magic {unknown}


   Skills:
 + Level 5.8 Fighting
 + Level 9.1 Axes
 + Level 5.0 Armour
 + Level 2.1 Dodging
 + Level 0.1 Stealth
 + Level 4.4 Shields


You had 7 spell levels left.
You didn't know any spells.
Your spell library contained the following spells:

 Spells                   Type           Power      Damage    Failure   Level
 Call Canine Familiar     Summ           0%         N/A       99%         3
 Hailstorm                Conj/Ice       0%         3d3       99%         3
 Portal Projectile        Hex/Tloc       0%         N/A       99%         3
 Ice Form                 Ice/Tmut       0%         N/A       100%        4
 Leda's Liquefaction      Hex/Erth       0%         N/A       100%        4
 Simulacrum               Ice/Necr       0%         N/A       100%        6


Dungeon Overview and Level Annotations

Branches:
Dungeon (5/15)
 Temple: D:4-7

Altars:
Ashenzari
Cheibriados
Uskayaw


Message History

The ice beast hits you but does no damage. x2
Unknown command.
You hit the iguana.
The iguana is lightly wounded.
You barely miss the ice beast. The ice beast barely misses you.
The iguana bites you.
* * * LOW HITPOINT WARNING * * *
The iguana bites you.
* * * LOW HITPOINT WARNING * * *
The ice beast closely misses you.
You slash the iguana!
The iguana is almost dead.
You slash the ice beast! The ice beast closely misses you.
You block the iguana's attack. x2; The ice beast closely misses you.
Unknown command.
You slice the iguana!!
You kill the iguana!
You closely miss the ice beast.
The ice beast hits you but does no damage.
Your Axes skill increases to level 9!
Unknown command.
You hit the ice beast but do no damage.
The ice beast is almost dead.
You slash the jelly!
Your hands burn!
* * * LOW HITPOINT WARNING * * *
The jelly hits you but does no damage.
The ice beast hits you but does no damage. x2
You block the jelly's attack.
You slash the jelly!
You kill the jelly!
You closely miss the ice beast.
The ice beast hits you but does no damage.
You block the ice beast's attack.
Unknown command.
You barely miss the ice beast.
The ice beast is almost dead.
The ice beast hits you.
* * * LOW HITPOINT WARNING * * *
The ice beast freezes you!
You die...

........#
........#
..[.....#
........#
........'
........#
......Y.####
#@...#
......).##.##
........##..##
........###..#
........# ##)#
........# #.#
######### #.#
#.# #.##


You could see an ice beast.

Vanquished Creatures
  Grinder (D:4)
  A water moccasin (D:5)
  A phantom (D:5)
  2 scorpions (D:5)
  A howler monkey (D:5)
  5 hounds
  2 jellies
  An orc priest (D:5)
  Crazy Yiuf (D:2)
  An iguana (D:5)
  2 orc wizards (D:5)
  7 gnolls
  6 adders
  2 worms
  2 dart slugs (D:4)
  7 orcs
  4 ball pythons
  8 endoplasms
  3 giant cockroaches (D:2)
  6 goblins
  4 hobgoblins
  2 quokkas
  2 bats
  A frilled lizard (D:2)
  5 kobolds
  3 rats
80 creatures vanquished.

Notes
Turn   | Place    | Note
-------+----------+-------------------------------------------
     0 | D:1      | Eitelfritz the Hill Orc Fighter began the quest for the
                  | Orb.
     0 | D:1      | Reached XP level 1. HP: 19/19 MP: 1/1
    74 | D:1      | Found a faded altar of an unknown god.
   140 | D:1      | Reached XP level 2. HP: 27/27 MP: 2/2
   685 | D:2      | Found a broken altar of Ashenzari.
   693 | D:2      | Reached skill level 3 in Axes
   693 | D:2      | Reached XP level 3. HP: 33/33 MP: 3/3
   934 | D:2      | Reached skill level 1 in Dodging
   934 | D:2      | Reached XP level 4. HP: 40/40 MP: 4/4
  1134 | D:2      | Found a runed translucent door.
  1135 | D:2      | Noticed Crazy Yiuf
  1305 | D:2      | Killed Crazy Yiuf
  1306 | D:2      | Reached skill level 4 in Axes
  1310 | D:2      | Identified the +0 hammer of the Chickpea {freeze, rElec
                  | Will++ Int-3 Stlth+}
  1574 | D:4      | Reached XP level 5. HP: 46/46 MP: 5/5
  1575 | D:4      | Noticed Grinder
  1578 | D:4      | Paralysed by Grinder for 2 turns
  1581 | D:4      | Killed Grinder
  1582 | D:4      | Reached skill level 6 in Axes
  1582 | D:4      | Reached XP level 6. HP: 51/53 MP: 6/6
  1974 | D:4      | Noticed a +0 dagger
  1974 | D:4      | Noticed a +0 falchion
  1975 | D:4      | Noticed a +0 dagger
  1977 | D:4      | Reached skill level 5 in Fighting
  1977 | D:4      | Reached XP level 7. HP: 61/61 MP: 7/7
  1977 | D:4      | Noticed a +0 short sword
  1977 | D:4      | Noticed a +0 short sword
  1978 | D:4      | Noticed a +0 spear
  1978 | D:4      | Noticed a +0 spear
  1979 | D:4      | Noticed a +0 falchion
  1982 | D:4      | Found a hide-covered altar of Uskayaw.
  2702 | D:3      | Reached skill level 7 in Axes
  2798 | D:3      | Found a snail-covered altar of Cheibriados.
  2858 | D:4      | Identified a scroll of acquirement
  2858 | D:4      | Acquired a +1 heavy broad axe
  2908 | D:5      | Entered Level 5 of the Dungeon
  3121 | D:5      | Reached skill level 8 in Axes
  3135 | D:5      | Reached XP level 8. HP: 10/69 MP: 8/8
  3151 | D:5      | Reached skill level 5 in Armour
  3155 | D:5      | Reached skill level 9 in Axes
  3157 | D:5      | Slain by an ice beast

Illustrated notes

Levels and vault maps discovered:
D:1:      nicolae_arrival_washed_ashore, layout_basic,
          ebering_ecumenical_altar_box
D:2:      layout_basic, basic_altar, minmay_misc_feat_room,
          uniq_crazy_yiuf_cottage
D:3:      layout_loops_cross, slow_altar_2
D:4:      layout_loops_cross, nicolae_uskayaw_en_pointe, corexii_hall_statues_t,
          grunt_ministairs_5, palyth_stone_intersect, ldierk_geyser,
          uniq_grinder
D:5:      layout_basic, nicolae_underground_beach

Skill      XL: |  1  2  3  4  5  6  7  8 |
---------------+-------------------------+-----
Fighting       | 4 5 |  5.8
Axes           | 3 4 6 8 9 |  9.1
Dodging        | 1 2 |  2.1
Armour         | 4 5 |  5.0
Shields        | 4 |  4.4
Stealth        | |  0.1

Action                     |  1- 3 |  4- 6 |  7- 9 || total
---------------------------+-------+-------+-------++-------
  Melee: War axe           |    65 |    67 |    44 ||   176
         Broad axe         |       |       |    51 ||    51
    Use: Potion            |       |     2 |     1 ||     3
         Scroll            |       |       |     7 ||     7
 Armour: Scale mail        |    41 |    25 |    56 ||   122
  Dodge: Dodged            |    31 |    29 |    53 ||   113
  Block: Buckler           |     9 |    17 |    27 ||    53
